 Dungeon Crawl Stone Soup version 0.21.1-1-g345015fe64 (webtiles) character file.

116 NullDivider the Charlatan (level 4, 0/23 HPs)
             Began as a Spriggan Artificer on June 5, 2018.
             Succumbed to an adder's poison
             ... on level 2 of the Dungeon.
             The game lasted 00:04:34 (3075 turns).

NullDivider the Charlatan (Spriggan Artificer)      Turns: 3075, Time: 00:04:34

Health: 0/23       AC:  2    Str:  8    XL:     4   Next: 69%
Magic:  8/8        EV: 19    Int: 16    God:
Gold:   61         SH:  0    Dex: 17    Spells: 3/3 levels left

rFire    . . .     SeeInvis +   a - +0 short sword
rCold    . . .     Gourm    .   (shield restricted)
rNeg     . . .     Faith    .   b - +0 robe
rPois    +         Spirit   .   (helmet restricted)
rElec    .         Reflect  .   (no cloak)
rCorr    .         Harm     .   (gloves unavailable)
MR       .....                  (boots unavailable)
Stlth    ++........             (no amulet)
HPRegen  0.07/turn              l - +4 ring of intelligence
MPRegen  0.11/turn              m - ring of poison resistance

@: lethally poisoned (0 -> -3), flying, very quick
A: very small, unfitting armour, see invisible, herbivore, speed 3, slow
metabolism 2
a: no special abilities


You were on level 2 of the Dungeon.
You were not hungry.

You visited 1 branch of the dungeon, and saw 2 of its levels.

You collected 61 gold pieces.

Inventory:

Hand Weapons
 a - a +0 short sword (weapon)
 o - a +0 hunting sling
Missiles
 i - 83 stones (quivered)
 j - 34 sling bullets
Armour
 b - a +0 robe (worn)
Jewellery
 l - a +4 ring of intelligence (left hand)
 m - a ring of poison resistance (right hand)
Wands
 c - a wand of flame (15)
 d - a wand of enslavement (15)
 e - a wand of random effects (5)
Scrolls
 g - a scroll of immolation {unknown}
 h - 3 scrolls of identify {unknown}
 k - 2 scrolls of teleportation {unknown}
 n - 2 scrolls of enchant weapon {unknown}
Potions
 q - a potion of mutation {unknown}
Comestibles
 f - 4 rations


   Skills:
 * Level 1.9 Fighting
 * Level 2.8 Short Blades
 + Level 3.9 Dodging
 + Level 3.1 Stealth
 + Level 4.6 Evocations


You had 3 spell levels left.
You didn't know any spells.

Dungeon Overview and Level Annotations

Branches:
Dungeon (2/15)

Altars:
Dithmenos


Innate Abilities, Weirdness & Mutations

You are very small and have problems with some larger weapons.
You are too small for most types of armour.
You have supernaturally acute eyesight. (SInv)
You are a herbivore.
You cover ground extremely quickly.
You need consume almost no food.


Message History

The adder completely misses you.
You miss the adder.
The adder is heavily wounded.
The adder misses you.
You closely miss the adder.
The adder is heavily wounded.
You feel sick. The adder bites you. The adder completely misses you.
You hit the adder but do no damage.
The adder is heavily wounded.
The adder bites you.
* * * LOW HITPOINT WARNING * * *
You closely miss the adder.
The adder is heavily wounded.
The adder completely misses you.
* * * LOW HITPOINT WARNING * * *
You feel sick.
It was a potion of flight.
You feel very buoyant.
You fly up into the air.
You die...

#########.#.#.#
#..........#...
#.#######.###.# #.# #.......
#.# ##.###.# #.# ##.#...
#.#### ##.#..
##############.##.## ###..
#.w..r..S..@.......#######..
####
#.############.##...........
...###.# #.###########.#
....†Sr# #># #######...#
..####.# #.# #....^#.###
#.S..w.# #.# #.###.#.#
#..##......w. #.# #.# #.#†#
$w###..###### ##.#.##.#
#.#.# ..# ....#
#.###...###.#.###


You could see an adder and a rat.

Vanquished Creatures
  A crimson imp (D:2)
  A worker ant (D:2)
  An ooze (D:2)
  2 worms (D:2)
  5 dart slugs (D:1)
  A leopard gecko (D:2)
  2 giant cockroaches (D:2)
  4 goblins
  5 hobgoblins
  4 bats
  7 frilled lizards
  2 kobolds (D:1)
  6 rats
41 creatures vanquished.

Notes
Turn   | Place    | Note
-------+----------+-------------------------------------------
     0 | D:1      | NullDivider the Spriggan Artificer began the quest for the Orb.
     0 | D:1      | Reached XP level 1. HP: 9/9 MP: 4/4
   270 | D:1      | Reached skill level 1 in Fighting
   302 | D:1      | Reached XP level 2. HP: 14/14 MP: 6/6
  1013 | D:1      | Reached XP level 3. HP: 18/18 MP: 7/7
  2101 | D:2      | Reached XP level 4. HP: 21/22 MP: 8/8
  3011 | D:2      | Found a shadowy altar of Dithmenos.
  3069 | D:2      | HP: 1/23 [poisoned by an adder]
  3075 | D:2      | Succumbed to an adder's poison

Skill      XL: |  1  2  3  4 |
---------------+-------------+-----
Fighting       | 1 |  1.9
Stealth        | 2 3 |  3.1
Short Blades   | 2 |  2.8
Dodging        | |  3.9
Evocations     | |  4.6

Action                   |  1- 3 |  4- 6 || total
-------------------------+-------+-------++-------
Melee: Short sword       |   138 |   109 ||   247
Throw: Stone             |    10 |       ||    10
Evoke: Wand              |     5 |     5 ||    10
  Use: Potion            |       |     1 ||     1
 Stab: Sleeping          |     4 |       ||     4
Armor: Robe              |    12 |    17 ||    29
Dodge: Dodged            |   100 |   107 ||   207
